 Dungeon Crawl Stone Soup version 0.29-a0-284-gf9362112df (webtiles) character file.

Game seed: 11178623044768146758

1108 sylnyx the Spear-Bearer (level 8, -7/69 HPs)
             Began as a Minotaur Monk on Mar 24, 2022.
             Was a Priest of Nemelex Xobeh.
             Mangled by Sigmund
             ... wielding a +2 antimagic scythe
              (8 damage)
             ... while paralysed by Grinder
             ... on level 6 of the Dungeon.
             The game lasted 00:12:51 (4227 turns).

sylnyx the Spear-Bearer (Minotaur Monk)             Turns: 4227, Time: 00:12:52

Health: -7/69      AC:  9    Str: 18    XL:     8   Next: 11%
Magic:  0/7        EV:  2    Int:  7    God:    Nemelex Xobeh [***...]
Gold:   211        SH:  0    Dex: 13    Spells: 7/7 levels left

rFire   . . .      SeeInvis .   a - +0 spear
rCold   . . .      Faith    .   (no shield)
rNeg    + . .      Spirit   .   t - +3 ring mail of Yredelemnul's Pride {rN+}
rPois   .          Reflect  .   (helmet restricted)
rElec   .          Harm     .   (no cloak)
rCorr   .          Rampage  .   (no gloves)
Will    .....                   (no boots)
Stlth   +.........              (no amulet)
HPRegen 0.21/turn               (no ring)
MPRegen 0.10/turn               (no ring)

@: paralysed, about to teleport
A: horns 2, retaliatory headbutt
a: Renounce Religion, Draw Escape, Draw Destruction, Draw Summoning, Triple Draw


You were on level 6 of the Dungeon.
You worshipped Nemelex Xobeh.
Nemelex Xobeh was most pleased with you.
You visited 1 branch of the dungeon, and saw 6 of its levels.

You collected 266 gold pieces.
You spent 55 gold pieces at shops.

Inventory:

Hand Weapons
 a - a +0 spear (weapon)
 D - a +0 mace
Armour
 d - a +0 plate armour
 t - the +3 ring mail of Yredelemnul's Pride (worn) {rN+}
   (You found it on level 3 of the Dungeon)

   rN:        It protects you from negative energy.
 y - a +0 pair of gloves
Jewellery
 m - a ring of wizardry
 w - an amulet of the acrobat
Wands
 x - a wand of digging (2)
Scrolls
 e - a scroll of fear {unknown}
 g - 4 scrolls of identify
 i - a scroll of blinking {unknown}
 j - a scroll of vulnerability {unknown}
 k - a scroll of amnesia {unknown}
 n - 7 scrolls of teleportation
 q - 2 scrolls of torment {unknown}
 v - a scroll of summoning {unknown}
 z - a scroll of fog {unknown}
 B - 2 scrolls of immolation {unknown}
 C - a scroll of magic mapping {unknown}
Potions
 b - 2 potions of brilliance {unknown}
 c - a potion of ambrosia
 f - 3 potions of curing {unknown}
 h - 4 potions of degeneration
 l - a potion of heal wounds {unknown}
 o - a potion of resistance {unknown}
 p - a potion of lignification {unknown}
 r - a potion of haste {unknown}
 s - a potion of cancellation {unknown}
 u - 3 potions of flight {unknown}
 A - a potion of attraction {unknown}


   Skills:
 + Level 5.5 Fighting
 + Level 8.2 Polearms
 + Level 5.7 Armour
 + Level 4.8 Dodging
 + Level 2.6 Stealth


You had 7 spell levels left.
You didn't know any spells.
Your spell library contained the following spells:

 Spells                   Type           Power      Damage    Failure   Level
 Animate Skeleton         Necr           0%         N/A       61%         1
 Apportation              Tloc           0%         N/A       61%         1
 Magic Dart               Conj           0%         1d3       61%         1
 Summon Small Mammal      Summ           0%         N/A       61%         1
 Call Imp                 Summ           0%         N/A       75%         2
 Gell's Gravitas          Tloc           0%         N/A       93%         3
 Lesser Beckoning         Tloc           0%         N/A       93%         3
 Mephitic Cloud           Conj/Pois/Air  0%         N/A       93%         3
 Teleport Other           Tloc           0%         N/A       93%         3
 Airstrike                Air            0%         N/A       100%        4
 Animate Armour           Summ/Erth      0%         N/A       100%        4
 Summon Lightning Spire   Summ/Air       0%         N/A       100%        4
 Blade Hands              Tmut           0%         N/A       100%        5
 Lightning Bolt           Conj/Air       0%         1d11      100%        5
 Iron Shot                Conj/Erth      0%         9d1       100%        6


Dungeon Overview and Level Annotations

Branches:
Dungeon (6/15)             Temple (0/1) D:5

Altars:
Cheibriados
Fedhas
Makhleb
Nemelex Xobeh
Ru
Sif Muna
Wu Jian

Shops:
D:4 ?=[

Annotations:
D:6 Sigmund


Innate Abilities, Weirdness & Mutations

You have a pair of horns on your head.
You reflexively headbutt those who attack you in melee.


Message History

Grinder comes into view.
She is carrying a wand of flame (26).
Something hits you.
Things that are here:
a +0 mace; an orc corpse
D - a +0 mace You feel sick.
Okay, then.
You feel sick. Grinder gestures at you. Pain shoots through your body!
* * * LOW HITPOINT WARNING * * *
Something hits you.
* * * LOW HITPOINT WARNING * * *
You draw a card...
You have drawn the Rangers.
You feel sick.
You are no longer poisoned.
You hear some strange, mumbled words.
Something tries to affect you, but you resist.
A scorpion comes into view.
Grinder gestures at you. Pain shoots through your body!
* * * LOW HITPOINT WARNING * * *
Your centaur warrior wields a +0 shortbow.
Your centaur warrior shoots an arrow.
The arrow barely misses Grinder.
Your centaur warrior wields a +0 shortbow.
Your centaur warrior shoots an arrow.
The arrow barely misses Grinder.
Something hits you!
* * * LOW HITPOINT WARNING * * *
You feel your power leaking away.
Unknown command.
Unknown command.
As you read the scroll of teleportation, it crumbles to dust.
You feel strangely unstable. Grinder gestures at you.
You suddenly lose the ability to move!
Your centaur warrior shoots an arrow.
The arrow hits Grinder!!
Your centaur warrior shoots an arrow.
The arrow hits Grinder!!
Grinder dies!
Something hits you!
You die...
Your body glows slightly and disappears.

#..... #.>...
#....?########
#............#
.#..........>.# #######
.'............# #......
#............######......
........cc........##......
+###l.!..@...s....†....<..
.../.#.######...........<
?..####.# #..........## ..
#.# #......[....# . #..
###+####....# ... #.....
.. #..... .. #.....


You could see a scorpion, an iguana and 2 friendly centaur warriors.

Vanquished Creatures
  A black bear (D:5)
  2 ice beasts (D:5)
  2 scorpions
  A necrophage (D:5)
  2 howler monkeys (D:6)
  An orc priest (D:5)
  A bullfrog zombie (D:4)
  A hound (D:4)
  2 iguanas (D:5)
  2 orc wizards (D:5)
  A hound zombie (D:4)
  2 adders
  3 gnolls (D:5)
  An adder zombie (D:4)
  2 dart slugs
  9 orcs
  10 bats
  3 endoplasms
  4 giant cockroaches
  A goblin (D:4)
  3 hobgoblins (D:4)
  4 quokkas
  9 ball pythons
  2 frilled lizards
  6 kobolds
  3 rats
78 creatures vanquished.

Vanquished Creatures (collateral kills)
  Grinder (D:6)
  An ogre (D:4)
  3 necrophages (D:4)
  A bush (D:4)
6 creatures vanquished.

Vanquished Creatures (others)
  A bush (D:4)
  12 plants (D:4)
13 creatures vanquished.

Grand Total: 97 creatures vanquished

Notes
Turn   | Place    | Note
-------+----------+-------------------------------------------
     0 | D:1      | sylnyx the Minotaur Monk began the quest for the Orb.
     0 | D:1      | Reached XP level 1. HP: 19/19 MP: 0/0
   141 | D:1      | Reached skill level 4 in Polearms
   254 | D:1      | Reached XP level 2. HP: 27/27 MP: 1/1
   492 | D:2      | Found a snail-covered altar of Cheibriados.
   684 | D:2      | Reached XP level 3. HP: 31/33 MP: 2/2
   886 | D:2      | Reached skill level 1 in Armour
  1071 | D:3      | Found a sparkling altar of Nemelex Xobeh.
  1075 | D:3      | Became a worshipper of Nemelex Xobeh the Trickster
  1075 | D:3      | Reached * piety under Nemelex Xobeh
  1075 | D:3      | Received a gift from Nemelex Xobeh
  1075 | D:3      | Reached ** piety under Nemelex Xobeh
  1259 | D:3      | Found an ornate altar of the Wu Jian Council.
  1533 | D:3      | Identified the +3 ring mail of Yredelemnul's Pride {rN+}
  1586 | D:3      | Found a shimmering blue altar of Sif Muna.
  1843 | D:4      | Received a gift from Nemelex Xobeh
  1851 | D:4      | Found Lawk's Magic Scroll Shop.
  1854 | D:4      | Bought a scroll of teleportation for 33 gold pieces
  1854 | D:4      | Bought a scroll of identify for 22 gold pieces
  2023 | D:4      | Noticed an ogre
  2028 | D:4      | Killed an ogre
  2029 | D:4      | Reached skill level 5 in Polearms
  2029 | D:4      | Reached XP level 4. HP: 24/41 MP: 3/3
  2029 | D:4      | Reached XP level 5. HP: 28/47 MP: 4/4
  2276 | D:4      | Found Woesh's Armour Boutique.
  2292 | D:4      | Found Isah's Jewellery Emporium.
  2374 | D:4      | Found a burning altar of Makhleb.
  2827 | D:4      | Found a blossoming altar of Fedhas.
  2923 | D:4      | Reached XP level 6. HP: 53/53 MP: 5/5
  2932 | D:4      | Reached skill level 6 in Polearms
  2997 | D:5      | Entered Level 5 of the Dungeon
  2998 | D:5      | Found a staircase to the Ecumenical Temple.
  3106 | D:5      | Reached skill level 5 in Fighting
  3106 | D:5      | Reached XP level 7. HP: 48/61 MP: 6/6
  3236 | D:5      | Reached *** piety under Nemelex Xobeh
  3332 | D:5      | Reached skill level 7 in Polearms
  3453 | D:5      | Found a sacrificial altar of Ru.
  3461 | D:5      | Reached skill level 5 in Armour
  3776 | D:5      | Reached skill level 8 in Polearms
  4179 | D:6      | Reached XP level 8. HP: 68/69 MP: 7/7
  4204 | D:6      | Noticed Sigmund
  4221 | D:6      | Noticed Grinder
  4225 | D:6      | HP: 1/69 [something (9)]
  4226 | D:6      | Paralysed by Grinder for 5 turns
  4227 | D:6      | Killed Grinder
  4227 | D:6      | Mangled by Sigmund

Illustrated notes

Levels and vault maps discovered:
D:1:      dpeg_arrival_tiny_h, layout_basic
D:2:      layout_basic, basic_altar
D:3:      layout_loops_ring, pdpol_wu_jian_five_deadly_venoms,
          overflow_temple_1_default, nemelex_diamond_rough_becter,
          minmay_misc_feat_plants
D:4:      layout_loops_ring, fedhas_altar_decomposition,
          makhleb_blood_cavern_becter, serial_shops, nicolae_shop_trees,
          shop_fountains, kennysheep_mini, uniq_crazy_yiuf_cottage
D:5:      layout_loops_cross, mainiacjoe_overflow_brackets,
          minmay_temple_entry_junction, kennysheep_nondescript
D:6:      layout_basic, uniq_duvessa, uniq_grinder, uniq_blork_the_orc,
          uniq_sigmund

Skill      XL: |  1  2  3  4  5  6  7 |
---------------+----------------------+-----
Polearms       | 4 5 6 8 |  8.2
Fighting       | 4 5 |  5.5
Armour         | 2 3 4 5 |  5.7
Dodging        | 4 |  4.8
Stealth        | 2 |  2.6

Action                   |  1- 3 |  4- 6 |  7- 9 || total
-------------------------+-------+-------+-------++-------
Melee: Spear             |   138 |    73 |    90 ||   301
       Headbutt          |    17 |    10 |    21 ||    48
       Punch             |     3 |     1 |     3 ||     7
Invok: Draw Destruction  |     1 |     2 |     2 ||     5
       Draw Summoning    |     1 |     1 |     1 ||     3
  Use: Scroll            |     1 |       |     1 ||     2
 Stab: Sleeping          |       |       |     2 ||     2
Armor: Plate armour      |    59 |       |       ||    59
       Ring mail         |     5 |     8 |    20 ||    33
Dodge: Dodged            |    33 |    22 |    36 ||    91

Table legend: (Time is in decaauts)
 A = Elapsed time spent in this place.
 B = Non-inter-level travel time spent in this place.
 C = Inter-level travel time spent in this place.
 D = Time resting spent in this place.
 E = Time spent auto-exploring this place.
 F = Levels seen in this place.
 G = Mean time per level.
                   A        B        C        D        E       F      G
               +--------+--------+--------+--------+--------+-----+--------+
         Total |   4170 |   3769 |    401 |    272 |   2824 |   6 |  695.0 |
       Dungeon |   4170 |   3769 |    401 |    272 |   2824 |   6 |  695.0 |
               +--------+--------+--------+--------+--------+-----+--------+

Top non-repeatable levels by time:
     D:5: 1148 daAuts
     D:4: 1138 daAuts
     D:3: 821 daAuts
     D:2: 518 daAuts
     D:1: 489 daAuts
     D:6: 53 daAuts
